 Dungeon Crawl Stone Soup version 0.28.0-47-ge53b351184 (webtiles) character file.

Game seed: 12800433188482053812

5077 Bruhh the Nimble (level 10, -3/78 HPs)
             Began as a Djinni Fire Elementalist on Apr 28, 2022.
             Slain by an orc warrior
             ... wielding a +0 scimitar
              (18 damage)
             ... on level 8 of the Dungeon.
             The game lasted 00:14:26 (12101 turns).

Bruhh the Nimble (Djinni Fire Elementalist)        Turns: 12101, Time: 00:14:27

Health: -3/78      AC:  5    Str:  7    XL:     10   Next: 86%
Gold:   454        EV: 16    Int: 22    God:
                   SH:  0    Dex: 13

rFire   + + +      SeeInvis .   s - +5 scythe
rCold   x . .      Faith    .   (shield currently unavailable)
rNeg    . . .      Spirit   .   A - +0 steam dragon scales
rPois   ∞          Reflect  .   (no helmet)
rElec   .          Harm     .   (no cloak)
rCorr   .          Rampage  .   (no gloves)
Will    +....                   (boots unavailable)
Stlth   ++........              (no amulet)
HPRegen 0.23/turn               w - ring of fire
MPRegen 0.00/turn               x - ring of protection from cold

@: flying
A: sickness immunity, fire resistance 2, cold vulnerability 1, float, innate
caster, HP casting, extra vitality 1
a: no special abilities


You were on level 8 of the Dungeon.
You visited 1 branch of the dungeon, and saw 8 of its levels.
You also visited: Sewer.

You collected 454 gold pieces.

Inventory:

Hand Weapons
 s - a +5 scythe (weapon)
Missiles
 t - 2 throwing nets
Armour
 a - a +0 robe
 A - +0 steam dragon scales (worn)
 D - a +0 kite shield
Jewellery
 w - a ring of fire (left hand)
 x - a ring of protection from cold (right hand)
Wands
 y - a wand of flame (13)
Scrolls
 b - 8 scrolls of teleportation {unknown}
 e - a scroll of immolation {unknown}
 f - a scroll of vulnerability {unknown}
 g - 5 scrolls of identify {unknown}
 h - a scroll of fear {unknown}
 j - 4 scrolls of brand weapon {unknown}
 k - 2 scrolls of amnesia {unknown}
 l - a scroll of magic mapping {unknown}
 q - 2 scrolls of enchant armour {unknown}
 u - a scroll of holy word {unknown}
 E - a scroll of blinking {unknown}
Potions
 c - 4 potions of magic {unknown}
 d - a potion of resistance {unknown}
 i - a potion of cancellation {unknown}
 m - a potion of attraction {unknown}
 n - 3 potions of mutation {unknown}
 o - 7 potions of might {unknown}
 p - a potion of invisibility {unknown}
 r - 4 potions of curing
 v - a potion of haste {unknown}
 z - a potion of lignification {unknown}
 B - a potion of heal wounds {unknown}
 C - a potion of degeneration {unknown}


   Skills:
 + Level 9.0 Fighting
 + Level 1.1 Armour
 - Level 10.0 Dodging
 - Level 1.5 Stealth
 - Level 7.0 Spellcasting


You couldn't memorise any spells.
You knew the following spells:

 Your Spells              Type           Power      Damage    Failure   Level
a - Foxfire               Conj/Fire      100%       2x1d9     1%          1
b - Scorch                Fire           100%       2d10      1%          2
c - Conjure Flame         Conj/Fire      55%        6-21      1%          3
d - Inner Flame           Hex/Fire       55%        N/A       1%          3
e - Flame Wave            Conj/Fire      55%        2d11      4%          4
f - Apportation           Tloc           76%        N/A       1%          1
g - Poisonous Vapours     Pois/Air       76%        N/A       1%          2
h - Mephitic Cloud        Conj/Pois/Air  38%        N/A       1%          3
i - Animate Armour        Summ/Erth      76%        N/A       4%          4
Your spell library was empty.

Dungeon Overview and Level Annotations

Branches:
Dungeon (8/15)             Temple (0/1) D:5           Sewer (visited)
   Lair: D:8-11

Altars:
Elyvilon
Hepliaklqana
Kikubaaqudgha
Nemelex Xobeh
Okawaru
Ru
Sif Muna
Wu Jian
Xom
Zin

Shops:
D:8 :*


Innate Abilities, Weirdness & Mutations

You are immune to sickness and miasma.
You are immune to poison.
Your flesh is very heat resistant. (rF++)
You are vulnerable to cold. (rC-)
You float through the air rather than walking.
You learn spells naturally, not from books.
Your magical power is your life essence.
You have superior vitality. (+4 MHP)


Message History

You are too injured to fight recklessly!
You are too injured to fight recklessly!
You are too injured to fight recklessly!
You are too injured to fight recklessly!
You are too injured to fight recklessly!
Casting: Scorch (safe; 1% risk of failure)
Confirm with . or Enter, or press ? or * to list all spells.
You feel a surge of power!
Flames lash the orc warrior.
The orc warrior is lightly wounded.
The orc warrior's fire resistance burns away.
The orc warrior misses you.
Unknown command.
Casting: Scorch (safe; 1% risk of failure)
Confirm with . or Enter, or press ? or * to list all spells.
You feel a surge of power!
Flames lash the orc warrior.
The orc warrior is burned terribly!
The orc warrior is moderately wounded.
The orc warrior barely misses you.
Casting: Scorch (safe; 1% risk of failure)
Confirm with . or Enter, or press ? or * to list all spells.
You feel a surge of power!
Flames lash the orc.
You kill the orc!
The orc warrior misses you.
Unknown command.
Casting: Scorch (safe; 1% risk of failure)
Confirm with . or Enter, or press ? or * to list all spells.
You feel a surge of power!
Flames lash the orc priest.
You kill the orc priest!
The orc warrior complains loudly.
The orc warrior hits you with a +0 scimitar!
* * * LOW HITPOINT WARNING * * *
Casting: Scorch (safe; 1% risk of failure)
Confirm with . or Enter, or press ? or * to list all spells.
You feel a surge of power!
Flames lash the orc warrior.
The orc warrior is burned terribly!
The orc warrior is almost dead.
* * * LOW HITPOINT WARNING * * *
An orc comes into view. It is wielding a +0 hand axe.
The orc warrior hits you with a +0 scimitar!!
You die...

.. .... .....
..o.... ....#
....$.. ....#
#..#.. ....#
....< .... # .))
..# #.###.#.#
#....o@.#
####..$## #...#
#...# #...#
.#####...#######
.....).........#
...............#
...............#


You could see an orc warrior (combustible) and an orc.

Vanquished Creatures
  2 two-headed ogres
  Pikel (D:6)
  Grinder (D:6)
  2 steam dragons (D:7)
  Eustachio (D:6)
  Menkaure (D:6)
  Edmund (D:4)
  A hornet zombie (D:6)
  2 ice beasts (D:5)
  A black bear (D:4)
  A sky beast (D:5)
  2 ogres (D:6)
  A necrophage (D:6)
  3 centaurs
  3 phantoms
  2 kobold brigands
  Blork the orc (D:6)
  A lemure (D:5)
  2 bullfrogs (D:7)
  2 gnoll sergeants
  7 howler monkeys
  A bullfrog zombie (D:6)
  A bullfrog skeleton (D:4)
  2 orc priests (D:8)
  2 centaur skeletons (D:7)
  2 hounds
  4 iguanas
  An orc wizard (D:8)
  A howler monkey zombie (D:7)
  12 gnolls
  A howler monkey skeleton (D:7)
  10 adders
  4 river rats (D:3)
  A white imp (D:6)
  2 ufetubi
  4 worms (D:3)
  A dart slug (D:2)
  13 orcs
  3 bats
  7 endoplasms
  4 giant cockroaches
  8 goblins
  7 hobgoblins
  2 jackals (D:3)
  23 kobolds
  A quokka (D:1)
  5 ball pythons
  5 frilled lizards
  14 rats
179 creatures vanquished.

Vanquished Creatures (others)
  A human (D:7)
  31 foxfires (D:1)
  3 plants (Sewer)
35 creatures vanquished.

Grand Total: 214 creatures vanquished

Notes
Turn   | Place    | Note
-------+----------+-------------------------------------------
     0 | D:1      | Bruhh the Djinni Fire Elementalist began the quest for the
                  | Orb.
     0 | D:1      | Reached XP level 1. HP: 15/15 MP: 0/0
   399 | D:1      | Reached XP level 2. HP: 13/21 MP: 0/0
   520 | D:1      | Found a faded altar of an unknown god.
  1237 | D:1      | Reached XP level 3. HP: 23/25 MP: 0/0
  1237 | D:1      | Learned a level 1 spell: Apportation
  2011 | D:2      | Reached XP level 4. HP: 26/31 MP: 0/0
  2532 | D:2      | Reached XP level 5. HP: 33/35 MP: 0/0
  2532 | D:2      | Learned a level 2 spell: Poisonous Vapours
  3691 | D:3      | Found a glowing drain.
  3697 | Sewer    | Entered a sewer
  3713 | Sewer    | Noticed a kobold brigand
  3715 | Sewer    | Killed a kobold brigand
  3716 | Sewer    | Reached skill level 5 in Spellcasting
  3716 | Sewer    | Reached XP level 6. HP: 27/40 MP: 0/0
  5164 | D:4      | Noticed a black bear
  5169 | D:4      | Killed a black bear
  5170 | D:4      | Reached XP level 7. HP: 38/45 MP: 0/0
  5170 | D:4      | Learned a level 3 spell: Mephitic Cloud
  5404 | D:4      | Found an iron altar of Okawaru.
  5643 | D:4      | Noticed Edmund
  5649 | D:4      | Killed Edmund
  6011 | D:4      | Found a glowing silver altar of Zin.
  6116 | D:4      | Identified the +2 ring mail "Kylog" {Dex+9}
  6293 | D:5      | Entered Level 5 of the Dungeon
  6310 | D:5      | Found a shimmering altar of Xom.
  6313 | D:5      | Found a sacrificial altar of Ru.
  6479 | D:5      | Reached XP level 8. HP: 48/50 MP: 0/0
  6682 | D:5      | Reached skill level 1 in Fighting
  6853 | D:5      | Reached skill level 3 in Dodging
  6953 | D:5      | Found a staircase to the Ecumenical Temple.
  7563 | D:6      | Found a white marble altar of Elyvilon.
  7569 | D:6      | Reached skill level 4 in Dodging
  7581 | D:6      | Noticed Blork the orc
  7597 | D:6      | Killed Blork the orc
  7606 | D:6      | Noticed a two-headed ogre
  7612 | D:6      | Killed a two-headed ogre
  7613 | D:6      | Reached skill level 5 in Fighting
  7613 | D:6      | Reached skill level 6 in Dodging
  7613 | D:6      | Reached XP level 9. HP: 28/65 MP: 0/0
  7613 | D:6      | Learned a level 4 spell: Animate Armour
  8317 | D:6      | Noticed Menkaure
  9373 | D:6      | Killed Menkaure
  9374 | D:6      | Reached skill level 7 in Dodging
  9777 | D:6      | Noticed Pikel
  9782 | D:6      | Killed Pikel
  9794 | D:6      | Reached XP level 10. HP: 62/73 MP: 0/0
  9799 | D:6      | Reached skill level 8 in Dodging
 10000 | D:6      | Noticed Grinder
 10005 | D:6      | Killed Grinder
 10067 | D:6      | Found a sparkling altar of Nemelex Xobeh.
 10143 | D:6      | Noticed Eustachio
 10148 | D:6      | Killed Eustachio
 10220 | D:6      | Found a hazy altar of Hepliaklqana.
 10420 | D:7      | Reached skill level 9 in Dodging
 10597 | D:7      | Noticed a two-headed ogre
 10602 | D:7      | Killed a two-headed ogre
 10942 | D:7      | Found an ornate altar of the Wu Jian Council.
 11339 | D:7      | Reached skill level 10 in Dodging
 11759 | D:8      | Found Odagirgh's Elemental Accessories.
 11778 | D:8      | Found Hengoko's Self-Improvement Boutique.
 12092 | D:8      | Reached skill level 1 in Armour
 12101 | D:8      | Slain by an orc warrior

Illustrated notes

Levels and vault maps discovered:
D:1:      tarquinn_simple_flora_water_f, layout_loops_corners,
          ebering_ecumenical_altar_mist, minmay_rat_gold_closets
D:2:      layout_loops_ring, minmay_tetromino_t4
D:3:      layout_loops_ring, lightli_sewer_entry_pipes
D:4:      layout_loops_ring, mainiacjoe_overflow_cross_hatched,
          mainiacjoe_overflow_six_doors_small, serial_park_tiny_2,
          chequers_decorated_corner, sigmund_army, uniq_edmund
D:5:      layout_basic, grunt_temple_overflow_open,
          minmay_temple_entry_poolview, corexii_item_surrounded_by_moat
D:6:      layout_rooms, general_overflow_altar, nemelex_dance_club_becter,
          nicolae_hepliaklqana_hippocampus, kennysheep_generic_room_13,
          uniq_pikel, uniq_eustachio, uniq_blork_the_orc, uniq_grinder,
          uniq_menkaure
D:7:      layout_loops_corners, tgw_kikubaaqudgha, overflow_temple_1_default
D:8:      layout_loops_cross, cheibrodos_ashenzari_chains, special_room
          [special_room_orc], nicolae_elemental_shop, nicolae_shop_self_help

Skill      XL: |  1  2  3  4  5  6  7  8  9 10 |
---------------+-------------------------------+-----
Spellcasting   | 3 4 5 6 7 |  7.0
Fighting       | 5 6 9 |  9.0
Dodging        | 6 7 10 | 10.0
Armour         | 1 |  1.1
Stealth        | |  1.5

Action                   |  1- 3 |  4- 6 |  7- 9 | 10-12 || total
-------------------------+-------+-------+-------+-------++-------
Melee: Unarmed           |     3 |     1 |       |       ||     4
       Scythe            |       |       |     1 |     2 ||     3
 Cast: Foxfire           |    17 |       |       |       ||    17
       Scorch            |    28 |    79 |    78 |    89 ||   274
       Inner Flame       |     1 |     5 |     4 |     3 ||    13
       Poisonous Vapours |       |     1 |     5 |     3 ||     9
 Stab: Sleeping          |     1 |       |       |       ||     1
Armor: Robe              |     2 |     3 |     1 |       ||     6
       Steam dragon scal |       |       |       |     1 ||     1
Dodge: Dodged            |     6 |    14 |    22 |    26 ||    68
